 Dungeon Crawl Stone Soup version 0.30-a0-726-gd89dcf765f (webtiles) character file.

Game seed: 13876835806907741657

268 hikkokomori the Slasher (level 6, -1/48 HPs)
             Began as a Demonspawn Gladiator on Jan 30, 2023.
             Slain by Pikel
             ... wielding a +0 whip of electrocution
              (18 damage)
             ... on level 4 of the Dungeon.
             The game lasted 00:05:28 (3309 turns).

hikkokomori the Slasher (Demonspawn Gladiator)      Turns: 3309, Time: 00:05:28

Health: -1/48      AC:  5    Str: 15    XL:     6   Next: 0%
Magic:  6/6        EV: 12    Int:  9    God:
Gold:   132        SH:  4    Dex: 16    Spells: 5/5 levels left

rFire   . . .      SeeInvis .    a - +0 long sword
rCold   . . .      Faith    .    (no shield)
rNeg    . . .      Spirit   .    b - +0 leather armour
rPois   .          Reflect  .    c - +0 helmet
rElec   .          Harm     .    n - +0 cloak
rCorr   +          Rampage  .    (no gloves)
Will    +....                    (no boots)
Stlth   ++                       (no amulet)
HPRegen 0.28/turn                k - ring of willpower
MPRegen 0.10/turn                o - ring of resist corrosion

@: no status effects
A: condensation shield, demonic magic 1
a: no special abilities


You were on level 4 of the Dungeon.
You visited 1 branch of the dungeon, and saw 4 of its levels.

You collected 169 gold pieces.
You spent 37 gold pieces at shops.

Inventory:

Hand Weapons
 a - a +0 long sword (weapon)
Missiles
 t - 34 stones (quivered)
Armour
 b - a +0 leather armour (worn)
 c - a +0 helmet (worn)
 n - a +0 cloak (worn)
Jewellery
 k - a ring of willpower (left hand)
 o - a ring of resist corrosion (right hand)
 w - an amulet of guardian spirit
Scrolls
 f - 5 scrolls of teleportation
 h - a scroll of brand weapon {unknown}
 m - a scroll of identify
 q - 2 scrolls of enchant weapon {unknown}
 u - a scroll of enchant armour {unknown}
 v - a scroll of magic mapping {unknown}
Potions
 g - a potion of berserk rage {unknown}
 i - a potion of curing
 j - 3 potions of heal wounds
 l - a potion of mutation {unknown}
 p - a potion of attraction {unknown}
 r - a potion of flight {unknown}
 s - a potion of lignification {unknown}


   Skills:
 + Level 3.9 Fighting
 + Level 4.1 Long Blades
 - Level 1.7 Throwing
 - Level 2.7 Dodging
 + Level 3.1 Stealth


You had 5 spell levels left.
You didn't know any spells.
Your spell library contained the following spells:

 Spells                   Type           Power      Damage    Failure   Level
 Dazzling Flash           Conj/Hex       0%         N/A       83%         3
 Agony                    Necr           0%         N/A       100%        5
 Silence                  Hex/Air        0%         N/A       100%        5


Dungeon Overview and Level Annotations

Branches:
Dungeon (4/15)
 Temple: D:4-7

Altars:
Gozag

Shops:
D:2 *   D:3 [

Annotations:
D:3 Sigmund
D:4 Pikel


Innate Abilities, Weirdness & Mutations

A meltable shield of frost defends you. (SH +4)
Spells you cast may paralyse adjacent enemies.


Message History

You barely miss Pikel.
Pikel is lightly wounded.
Pikel closely misses you.
Throw: throwing net
Press: ? - help, Shift-Dir - straight line, f/p - Pikel
Aim: Pikel, wielding a +0 whip of electrocution and wearing a +0 robe (lightly wounded, 53% to hit)
You throw a throwing net. The throwing net hits Pikel.
Pikel is caught in the net!
Pikel is lightly wounded.
Pikel struggles against the net.
You slash Pikel!
Pikel is moderately wounded.
Pikel struggles against the net.
You catch the helpless Pikel completely off-guard!
You slash Pikel!
Pikel is heavily wounded.
Pikel struggles against the net. x2
You slash Pikel!
Pikel is severely wounded.
A worm comes into view.
Pikel struggles against the net.
The net rips apart, and Pikel comes free!
You hit Pikel.
Pikel is almost dead.
Pikel hits you with a +0 whip of electrocution.
You hit Pikel.
Pikel is almost dead.
Pikel hits you with a +0 whip of electrocution!
You miss Pikel.
Pikel is almost dead.
Pikel hits you with a +0 whip of electrocution!
You hit Pikel.
Pikel is almost dead.
Pikel hits you but does no damage.
Pikel hits you with a +0 whip of electrocution!
You hit Pikel but do no damage.
Pikel is almost dead.
Pikel hits you with a +0 whip of electrocution.
You are electrocuted!!
You die...

#......# #.##
#.###### #... #.#
#### ### ### ##.##
##...##
#.##########.....##
#5555K@...........#
#w##########.....##
## ##...## #. ##.##
#. #####.##### #.
#.........# #.
#.###.###.###. ##.
#.# #.##..
##..###.# #.##..


You could see Pikel, 4 lemures and a worm.

Vanquished Creatures
  An ogre (D:4)
  A jelly (D:4)
  An iguana (D:4)
  An orc wizard (D:3)
  An adder (D:3)
  3 dart slugs
  5 orcs
  6 bats
  10 endoplasms
  A giant cockroach (D:3)
  8 goblins
  7 hobgoblins
  3 jackals (D:3)
  2 quokkas (D:2)
  10 ball pythons
  14 frilled lizards
  7 kobolds
  2 rats (D:2)
83 creatures vanquished.

Vanquished Creatures (others)
  12 plants (D:4)
  8 toadstools (D:4)
20 creatures vanquished.

Grand Total: 103 creatures vanquished

Notes
Turn   | Place    | Note
-------+----------+-------------------------------------------
     0 | D:1      | hikkokomori the Demonspawn Gladiator began the quest for
                  | the Orb.
     0 | D:1      | Reached XP level 1. HP: 16/16 MP: 1/1
   189 | D:1      | Gained mutation: A meltable shield of frost defends you.
                  | (SH +4) [demonic ancestry]
   189 | D:1      | Reached XP level 2. HP: 22/22 MP: 2/2
   229 | D:1      | Reached skill level 3 in Long Blades
   471 | D:1      | Reached skill level 1 in Stealth
   641 | D:1      | Found a faded altar of an unknown god.
  1030 | D:2      | Gained mutation: Spells you cast may paralyse adjacent
                  | enemies. [demonic ancestry]
  1030 | D:2      | Reached XP level 3. HP: 28/28 MP: 3/3
  1348 | D:2      | Found Ufabb's General Store.
  1357 | D:2      | Bought a scroll of teleportation for 36 gold pieces
  1357 | D:2      | Bought a stone for 1 gold piece
  2045 | D:3      | Reached XP level 4. HP: 32/34 MP: 4/4
  2053 | D:3      | Found Gutuih Dekk's Armour Shop.
  2118 | D:3      | HP: 1/35 [orc/+0 mace (1)]
  2315 | D:3      | Noticed Sigmund
  2344 | D:4      | Reached XP level 5. HP: 28/41 MP: 5/5
  2634 | D:4      | Noticed an ogre
  2646 | D:4      | HP: 2/41 [ogre/+0 giant club (19)]
  2648 | D:4      | Killed an ogre
  2649 | D:4      | Reached skill level 4 in Long Blades
  3049 | D:4      | Found an opulent altar of Gozag.
  3205 | D:4      | Reached XP level 6. HP: 39/48 MP: 6/6
  3291 | D:4      | Noticed Pikel
  3309 | D:4      | Slain by Pikel

Illustrated notes

Levels and vault maps discovered:
D:1:      dreamdust_arrival_sigmund_warning, layout_loops_ring,
          shapermc_ecumenical_altar_mp_highgroup
D:2:      layout_basic, serial_shops, shop, roderic_serpentine_path
D:3:      layout_rooms, mainiacjoe_overflow_alcove_4, serial_shops,
          nicolae_shop_competitors_out_of_business, minmay_misc_feat_roman,
          uniq_sigmund
D:4:      cheibrodos_fertilizer, layout_loops_corners,
          nicolae_gozag_seed_capital, serial_bayou_pond_b, minmay_lizard_king,
          uniq_pikel

Skill      XL: |  1  2  3  4  5 |
---------------+----------------+-----
Long Blades    | 3 4 |  4.1
Stealth        | 1 2 3 |  3.1
Fighting       | 3 |  3.9
Throwing       | |  1.7
Dodging        | |  2.7

Action                     |  1- 3 |  4- 6 || total
---------------------------+-------+-------++-------
  Melee: Long sword        |   158 |   104 ||   262
         Punch             |     2 |     1 ||     3
  Throw: Javelin           |       |     3 ||     3
         Stone             |       |     4 ||     4
         Throwing net      |       |     3 ||     3
    Use: Scroll            |     1 |     1 ||     2
         Potion            |       |     1 ||     1
   Stab: Sleeping          |     2 |       ||     2
         Distracted        |     1 |       ||     1
         Held in net/web   |       |     3 ||     3
 Armour: Leather armour    |    67 |    26 ||    93
  Dodge: Dodged            |   107 |    58 ||   165
  Block: Other             |    22 |    20 ||    42

Table legend: (Time is in decaauts)
 A = Elapsed time spent in this place.
 B = Non-inter-level travel time spent in this place.
 C = Inter-level travel time spent in this place.
 D = Time resting spent in this place.
 E = Time spent auto-exploring this place.
 F = Levels seen in this place.
 G = Mean time per level.
                   A        B        C        D        E       F      G
               +--------+--------+--------+--------+--------+-----+--------+
         Total |   3368 |   3242 |    126 |    336 |   2210 |   4 |  842.0 |
       Dungeon |   3368 |   3242 |    126 |    336 |   2210 |   4 |  842.0 |
               +--------+--------+--------+--------+--------+-----+--------+

Top non-repeatable levels by time:
     D:1: 996 daAuts
     D:4: 989 daAuts
     D:2: 801 daAuts
     D:3: 581 daAuts
